Map: 暮色之塔

Players

平步青云 - Winner!

  • Race: Terran Terran

电脑难度(艰难)

  • Race: Protoss Protoss

VOD

Have the link to the VOD?

Description

Time

  • Played on: Dec. 27, 2015, 6:49 a.m.
  • Length: 15:04
Show
View Real Time Build Order
Export as new Build Order

平步青云 Terran - Winner!

Build Orders:  

Get SALT Encoding   

  12  0:04  SCV  
  13  0:16  SCV  
  14  0:27  Supply Depot  
  14  0:31  SCV  
  15  0:48  SCV  
  16  0:51  Barracks  
  16  1:00  SCV  
  17  1:13  SCV  
  18  1:25  SCV  
  19  1:26  Refinery  
  19  1:37  SCV  
  19  1:39  Barracks  
  20  1:42  Marine  
  21  1:59  SCV  
  22  2:01  Marine  
  23  2:16  Refinery  
  23  2:28  Supply Depot  
  23  2:29  Barracks Tech Lab  
  23  2:47  Orbital Command  
  23  2:51  Supply Depot  
  23  2:58  Stimpack  
  23  2:59  Barracks Reactor  
  23  3:10  Command Center  
  23  3:18  SCV  
  24  3:30  SCV  
  27  3:34  Marauder  
  27  3:40  Factory  
  27  3:54  Engineering Bay  
  27  3:57  SCV  
  27  3:59  Marine  
  27  4:00  Marine  
  27  4:02  Marauder  
  32  4:09  SCV  
  33  4:19  Marine x2  
  33  4:23  Marauder  
  37  4:25  SCV  
  38  4:31  Supply Depot  
  38  4:37  SCV x2  
  40  4:41  Marine x2  
  40  4:43  Factory Reactor  
  42  4:46  Factory Tech Lab  
  42  4:49  SCV  
  42  4:50  SCV  
  42  4:52  Starport  
  44  4:54  Supply Depot  
  44  5:01  SCV, Marine x2  
  44  5:02  SCV, Marauder  
  50  5:09  Siege Tank  
  53  5:17  Supply Depot  
  53  5:18  Marine  
  54  5:24  Marauder  
  43  5:39  Supply Depot  
  40  5:47  Marine x2  
  42  5:51  Marauder  
  41  5:59  Siege Tank  
  41  6:05  Marine x2  
  41  6:09  Medivac  
  41  6:13  Marauder  
  41  6:14  SCV x2  
  45  6:23  Marine x2  
  44  6:26  SCV  
  44  6:32  Siege Tank  
  47  6:34  Marauder  
  47  6:39  Medivac  
  51  6:40  Marine  
  51  6:41  Marine  
  53  6:55  SCV  
  53  6:56  Marauder  
  53  6:58  Marine x2  
  58  7:01  Refinery  
  58  7:03  Refinery  
  58  7:04  Siege Tank  
  58  7:07  SCV  
  62  7:19  SCV, Marine x2  
  62  7:20  Marauder  
  67  7:31  SCV  
  67  7:36  Siege Tank  
  71  7:43  SCV  
  72  7:59  Marine x2  
  72  8:00  Marauder  
  72  8:04  Medivac  
  78  8:08  Siege Tank  
  81  8:15  Supply Depot  
  81  8:17  Marine x2  
  83  8:22  Marauder  
  83  8:23  SCV  
  86  8:36  SCV, Medivac  
  86  8:37  Supply Depot  
  89  8:48  SCV  
  89  8:49  Marine x2  
  89  8:50  Marauder  
  94  8:59  Siege Tank  
  94  9:00  Supply Depot  
  97  9:06  Medivac  
  97  9:07  Marine x2  
  101  9:19  Marauder  
  101  9:22  Supply Depot  
  101  9:35  Marine x2  
  103  9:40  Marauder  
  105  10:26  Marine x2  
  105  10:27  Marauder  
  105  10:28  Siege Tank  
  112  10:30  Medivac  
  114  10:43  Marine  
  114  10:44  Marine  
  114  10:48  Marauder  
  118  11:00  Command Center  
  118  11:07  Supply Depot  
  118  11:28  Siege Tank  
  118  11:29  Supply Depot  
  114  11:51  Supply Depot  
  114  12:10  Marine x2  
  114  12:11  Marauder  
  114  12:12  Siege Tank  
  114  12:13  Medivac  
  114  12:14  Supply Depot  
  121  12:37  Supply Depot  
  106  12:59  Marine x2  
  106  13:00  Marauder  
  106  13:01  Siege Tank  
  106  13:02  Medivac  
  113  13:18  Marine  
  113  13:19  Marine  
  115  13:22  Marauder  
  116  13:29  SCV  
  116  13:32  Medivac  
  116  13:33  SCV x2, Siege Tank  
  124  13:41  SCV  
  124  13:45  SCV x2  
  125  13:53  SCV  
  126  14:04  Widow Mine  
  126  14:05  SCV  
  129  14:15  Marauder, Marine x2  
  130  14:17  SCV  
  130  14:32  Marine  
  130  14:33  Widow Mine, Marine  
  130  14:37  Marauder  
Show
View Real Time Build Order
Export as new Build Order

电脑难度(艰难) Protoss 

Build Orders:  

Get SALT Encoding   

  12  0:01  Probe (Chrono Boost)  
  13  0:11  Probe (Chrono Boost)  
  14  0:19  Pylon  
  14  0:22  Probe (Chrono Boost)  
  15  0:38  Probe (Chrono Boost)  
  16  0:47  Assimilator  
  16  0:48  Probe (Chrono Boost)  
  16  0:49  Gateway  
  17  0:59  Probe (Chrono Boost)  
  17  1:00  Pylon  
  18  1:09  Probe (Chrono Boost)  
  19  1:20  Probe (Chrono Boost)  
  20  1:34  Zealot  
  20  1:39  Gateway  
  22  1:41  Cybernetics Core  
  22  1:44  Assimilator  
  22  1:58  Pylon  
  22  2:12  Warp Gate  
  22  2:16  Adept  
  24  2:24  Zealot  
  26  2:36  Pylon  
  26  2:41  Adept  
  28  2:51  Adept  
  30  3:02  Probe (Chrono Boost)  
  31  3:07  Adept  
  33  3:14  Probe (Chrono Boost)  
  33  3:16  Pylon  
  33  3:17  Stalker  
  36  3:27  Probe (Chrono Boost)  
  37  3:32  Forge  
  37  3:33  Adept  
  37  3:39  Probe (Chrono Boost)  
  40  3:46  Adept  
  42  3:50  Probe (Chrono Boost)  
  43  3:58  Adept  
  43  4:02  Probe (Chrono Boost)  
  46  4:38  Protoss Ground Weapons Level 1  
  46  4:44  Sentry  
  48  4:47  Gateway  
  48  4:49  Pylon  
  48  4:52  Stalker, Nexus  
  50  5:06  Stalker  
  52  5:12  Pylon  
  52  5:14  Stalker  
  54  5:22  Robotics Facility  
  50  5:29  Stalker  
  52  5:37  Stalker  
  54  5:44  Zealot  
  54  5:49  Twilight Council  
  54  5:52  Sentry  
  50  6:01  Adept  
  50  6:05  Probe (Chrono Boost)  
  50  6:08  Probe (Chrono Boost)  
  50  6:09  Observer  
  53  6:16  Blink  
  53  6:17  Probe (Chrono Boost)  
  55  6:19  Probe (Chrono Boost)  
  55  6:23  Zealot  
  55  6:25  Protoss Ground Armor Level 1  
  57  6:28  Probe (Chrono Boost)  
  57  6:30  Probe (Chrono Boost)  
  59  6:33  Adept  
  60  6:40  Probe (Chrono Boost)  
  60  6:41  Probe (Chrono Boost), Adept  
  61  6:49  Adept  
  61  6:52  Probe (Chrono Boost)  
  61  6:53  Probe (Chrono Boost)  
  65  6:57  Adept  
  65  7:00  Observer  
  68  7:03  Probe (Chrono Boost)  
  68  7:05  Probe (Chrono Boost), Adept  
  72  7:13  Photon Cannon  
  72  7:15  Probe (Chrono Boost)  
  74  7:16  Probe (Chrono Boost)  
  74  7:21  Photon Cannon  
  74  7:26  Pylon  
  74  7:27  Probe x2 (Chrono Boost)  
  76  7:33  Pylon  
  76  7:38  Stargate  
  76  7:39  Probe x2 (Chrono Boost)  
  78  7:48  Forge  
  78  7:50  Probe (Chrono Boost)  
  79  7:54  Photon Cannon  
  79  7:56  Photon Cannon  
  79  8:13  Assimilator  
  79  8:16  Assimilator  
  79  8:44  Void Ray, Warp Prism  
  83  8:53  Gateway, Zealot  
  87  8:58  Nexus, Robotics Facility  
  87  9:03  Stargate  
  87  9:07  Pylon  
  87  9:14  Zealot  
  89  9:19  Stalker, Observer  
  90  9:25  Stalker  
  92  9:33  Stalker  
  92  9:34  Pylon  
  92  9:38  Warp Prism  
  94  9:41  Stalker  
  94  9:43  Warp Prism  
  94  9:45  Gateway  
  100  9:50  Stargate  
  100  9:51  Protoss Ground Weapons Level 2  
  100  9:53  Void Ray  
  100  9:56  Protoss Ground Armor Level 2  
  104  10:12  Probe x2 (Chrono Boost)  
  104  10:14  Probe (Chrono Boost)  
  107  10:23  Probe (Chrono Boost)  
  107  10:24  Probe (Chrono Boost)  
  107  10:25  Probe (Chrono Boost)  
  110  10:34  Probe (Chrono Boost)  
  111  10:37  Probe (Chrono Boost)  
  111  10:38  Probe (Chrono Boost)  
  113  10:44  Robotics Bay  
  113  10:45  Probe (Chrono Boost)  
  113  10:49  Probe (Chrono Boost)  
  115  10:51  Probe (Chrono Boost)  
  115  10:56  Probe (Chrono Boost)  
  117  11:00  Probe (Chrono Boost)  
  117  11:03  Assimilator  
  118  11:07  Probe (Chrono Boost)  
  118  11:08  Pylon  
  118  11:10  Protoss Air Weapons Level 1  
  119  11:13  Pylon  
  119  11:16  Pylon  
  119  11:22  Assimilator  
  119  11:30  Stalker, Observer Gravitic Boosters  
  113  11:35  Zealot  
  113  11:36  Photon Cannon  
  113  11:37  Photon Cannon  
  87  11:40  Stalker  
  87  11:45  Sentry  
  79  11:50  Zealot  
  79  11:52  Mothership Core (Chrono Boost)  
  79  11:54  Void Ray x3  
  91  12:02  Zealot  
  91  12:05  Immortal  
  90  12:09  Zealot  
  90  12:14  Stalker  
  85  12:20  Stalker  
  77  12:25  Stalker  
  69  12:34  Nexus  
  47  13:02  Stalker  
  44  13:11  Stalker  
  44  13:17  Stalker  
  46  13:20  Stalker  
  43  13:27  Stalker x2  
  43  13:30  Stalker  
  38  13:39  Stalker  
  36  13:49  Stalker  
  28  14:21  Probe (Chrono Boost)  
Tags
 
Add a new tag
Caveats
  • Supply blocks, unpowered buildings, or Contaminate may cause inaccurate times.
  • Supply counts are checked every 10 seconds.